 Dungeon Crawl Stone Soup version 0.29.1-2-gbd0b4ee654 (webtiles) character file.

Game seed: 5006508704528357671

595 Icepheonix32 the Insei (level 7, -3/40 (44) HPs)
             Began as an Octopode Transmuter on Nov 17, 2022.
             Slain by a necrophage (4 damage)
             ... on level 5 of the Dungeon.
             The game lasted 00:05:07 (5281 turns).

Icepheonix32 the Insei (Octopode Transmuter)        Turns: 5281, Time: 00:05:08

HP:   -3/40 (44)    AC:  1    Str: 11    XL:     7   Next: 40%
MP:   11/11         EV: 15    Int: 15    God:
Gold: 263           SH:  0    Dex: 19    Spells: 2/12 levels left

rFire   . . .      SeeInvis .     - Unarmed
rCold   . . .      Faith    .   (no shield)
rNeg    . . .      Spirit   .   (helmet restricted)
rPois   .          Reflect  .   (no amulet)
rElec   .          Harm     .   m - +6 ring of dexterity
rCorr   .          Rampage  .   (no ring)
Will    .....                   (no ring)
Stlth   ++++......              (no ring)
HPRegen 0.13/turn               (no ring)
MPRegen 0.12/turn               (no ring)
                                (no ring)
                                (no ring)

@: on berserk cooldown, hasted and slowed, drained
A: almost no armour, amphibious, 8 rings, camouflage 1, gelatinous body 1,
(nimble swimmer 1), tentacles
a: no special abilities


You were on level 5 of the Dungeon.
You visited 1 branch of the dungeon, and saw 5 of its levels.

You collected 263 gold pieces.

Inventory:

Jewellery
 h - an amulet of regeneration
 m - a +6 ring of dexterity (left tentacle)
 o - a +6 ring of intelligence
Scrolls
 e - 5 scrolls of teleportation
 k - a scroll of immolation
 n - a scroll of enchant armour
Potions
 a - a potion of lignification
 c - a potion of berserk rage
 d - a potion of brilliance
 g - a potion of cancellation
 j - a potion of heal wounds


   Skills:
 + Level 1.7 Fighting
 * Level 4.1 Dodging
 + Level 4.0 Stealth
 + Level 4.7 Unarmed Combat
 + Level 3.0 Spellcasting
 * Level 4.0 Transmutations


You had 2 spell levels left.
You knew the following spells:

 Your Spells              Type           Power      Damage    Failure   Level
a - Beastly Appendage     Tmut           28%        N/A       3%          1
b - Spider Form           Tmut/Pois      8%         N/A       26%         3
c - Wereblood             Tmut           14%        N/A       6%          2
d - Ice Form              Ice/Tmut       8%         N/A       65%         4

Your spell library contained the following spells:

 Spells                   Type           Power      Damage    Failure   Level
 Apportation              Tloc           4%         N/A       21%         1
 Necrotise                Necr           8%         1d4       21%         1
 Summon Small Mammal      Summ           8%         N/A       21%         1
 Ozocubu's Armour         Ice            2%         N/A       52%         3
 Metabolic Englaciation   Hex/Ice        1%         N/A       99%         5
 Simulacrum               Ice/Necr       1%         N/A       100%        6


Dungeon Overview and Level Annotations

Branches:
Dungeon (5/15)             Temple (0/1) D:4

Altars:
Cheibriados
Nemelex Xobeh

Shops:
D:4 ((:[(


Innate Abilities, Weirdness & Mutations

You cannot wear most types of armour.
You are amphibious.
You can wear up to eight rings at the same time.
Your skin changes colour to match your surroundings (Stealth+).
Your rubbery body absorbs attacks. (AC +1, EV +1)
((You are camouflaged when in or above water. (Stealth+)))
You have tentacles for arms and can constrict up to eight enemies at once.


Message History

d - a potion of brilliance
As you read the scroll labelled UVOIGO FOBEG, it crumbles to dust.
You hear a loud clanging noise!
It was a scroll of noise.
The air fills with toxic fumes!
As you read the scroll labelled KALUTE YPAYJY, it crumbles to dust.
It was a scroll of poison.
It was a potion of berserk rage.
A red film seems to cover your vision as you go berserk!
You feel yourself moving faster!
You feel mighty!
You are too berserk!
You feel a strong urge to attack something.
You feel your anger nearly subside.
You are no longer berserk.
You are exhausted.
You feel yourself slow down.
An iguana comes into view.
The iguana moves out of view.
A necrophage comes into view.
The necrophage hits you. The necrophage hits you. The necrophage hits you.
* * * LOW HITPOINT WARNING * * *
The necrophage misses you.
It was a potion of haste.
You feel yourself speed up. The necrophage hits you.
* * * LOW HITPOINT WARNING * * *
You feel drained.
* * * LOW HITPOINT WARNING * * *
Unknown command.
You tentacle-slap the necrophage. You grab the necrophage.
The necrophage is lightly damaged.
You constrict the necrophage. The necrophage hits you.
* * * LOW HITPOINT WARNING * * *
You feel drained.
Unknown command.
You feel better.
You constrict the necrophage, but do no damage.
The necrophage hits you!
* * * LOW HITPOINT WARNING * * *
You feel drained.
You die...

...........................
...........................
...........................
...........................
...........................
...........................
...........................
...#.......................
#.....#..n@................
###..##.<..................
##. ##...................
#. #...................
#...................
#...................
##..................
#..................
........#...........


You could see a necrophage.

Vanquished Creatures
  2 scorpions (D:5)
  A hound (D:5)
  A jelly (D:5)
  4 iguanas
  2 orc wizards (D:4)
  4 adders
  10 river rats (D:5)
  A white imp (D:5)
  2 ufetubi
  4 dart slugs
  8 orcs
  10 bats
  10 endoplasms
  7 giant cockroaches
  4 goblins
  5 hobgoblins
  5 jackals
  8 quokkas
  7 ball pythons
  7 frilled lizards
  4 kobolds
  19 rats
125 creatures vanquished.

Vanquished Creatures (others)
  5 plants (D:1)
5 creatures vanquished.

Grand Total: 130 creatures vanquished

Notes
Turn   | Place    | Note
-------+----------+-------------------------------------------
     0 | D:1      | Icepheonix32 the Octopode Transmuter began the quest for
                  | the Orb.
     0 | D:1      | Reached XP level 1. HP: 13/13 MP: 3/3
   287 | D:1      | Reached XP level 2. HP: 17/18 MP: 5/5
   355 | D:1      | Found a faded altar of an unknown god.
   717 | D:1      | Reached skill level 1 in Stealth
   768 | D:1      | Reached XP level 3. HP: 23/23 MP: 6/6
  1719 | D:2      | Reached XP level 4. HP: 24/28 MP: 5/7
  1801 | D:2      | Found a sparkling altar of Nemelex Xobeh.
  2165 | D:3      | Identified the +5 scale mail of Exclusion {rC- Dex+6}
  3284 | D:4      | Found Zowon's Armour Emporium.
  3345 | D:4      | Reached XP level 5. HP: 33/33 MP: 6/8
  3371 | D:4      | Learned a level 3 spell: Spider Form
  3374 | D:4      | Learned a level 2 spell: Wereblood
  3657 | D:4      | Found Cosi's Book Shoppe.
  3742 | D:4      | Found Heiss's Weapon Emporium.
  3937 | D:4      | Found Eckinidd's Antique Weapon Shop.
  4050 | D:4      | Found a staircase to the Ecumenical Temple.
  4076 | D:4      | Found a snail-covered altar of Cheibriados.
  4085 | D:4      | Found Coxawnab's Antique Weapon Boutique.
  4332 | D:5      | Entered Level 5 of the Dungeon
  4365 | D:5      | Reached XP level 6. HP: 16/38 MP: 10/10
  4894 | D:5      | Reached XP level 7. HP: 44/44 MP: 9/11
  5250 | D:5      | Learned a level 4 spell: Ice Form
  5281 | D:5      | HP: 1/41 [necrophage (8)]
  5281 | D:5      | Slain by a necrophage

Illustrated notes

Levels and vault maps discovered:
D:1:      scummos_arrival_gate, layout_basic, serial_forest,
          infiniplex_forest_clump_small, infiniplex_forest_lined_1,
          infiniplex_forest_split, infiniplex_forest_split,
          infiniplex_forest_straight_3, infiniplex_forest_clump_diagonal,
          infiniplex_forest_straight_5, hellmonk_ecumenical_altar_dog_temple,
          chequers_jeans, grunt_decor_junction, hangedman_decor_riveting,
          minmay_misc_feat_five, minmay_tall_x
D:2:      layout_loops_ring, basic_altar
D:3:      layout_loops_corners
D:4:      layout_rooms, cheibriados_altar_1, minmay_temple_entry_junction_2,
          serial_shops, nicolae_shop_trees, kennysheep_little_box,
          nicolae_lakefront_shop, nicolae_shop_behind_doors,
          nicolae_shop_advertising_works [nicolae_subvault_shop_adworks],
          hangedman_abyss_or_decor_stabs
D:5:      lemuel_ratsnest, layout_layer_cave

Skill      XL: |  1  2  3  4  5  6  7 |
---------------+----------------------+-----
Stealth        | 1 2 3 4 |  4.0
Transmutations | 3 4 |  4.0
Dodging        | 3 4 |  4.1
Unarmed Combat | 4 |  4.7
Spellcasting   | 3 |  3.0
Fighting       | |  1.7

Action                   |  1- 3 |  4- 6 |  7- 9 || total
-------------------------+-------+-------+-------++-------
Melee: Unarmed           |    82 |   172 |    21 ||   275
       Constrict         |    19 |    50 |     6 ||    75
       Tentacles         |    12 |    31 |     3 ||    46
       Kick              |    19 |    46 |     7 ||    72
       Punch             |     4 |     8 |     2 ||    14
 Cast: Beastly Appendage |    17 |    29 |     3 ||    49
       Wereblood         |       |     1 |     1 ||     2
  Use: Potion            |       |     6 |     3 ||     9
       Scroll            |       |     5 |     3 ||     8
 Stab: Sleeping          |    12 |    15 |     2 ||    29
Armor: Skin              |    13 |     8 |       ||    21
Dodge: Dodged            |    55 |   111 |     9 ||   175
